 Dungeon Crawl Stone Soup version 0.17.0-18-gaab0e96 (webtiles) character file.

3623 HaroldButt the Cleaver (level 10, -5/73 HPs)
             Began as a Formicid Fighter on Nov 11, 2015.
             Was a Follower of Makhleb.
             Killed from afar by an electric eel (10 damage)
             ... with a bolt of electricity
             ... on level 9 of the Dungeon.
             The game lasted 00:23:51 (8917 turns).

HaroldButt the Cleaver (Formicid Fighter)           Turns: 8917, Time: 00:23:51

Health: -5/73      AC:  7    Str: 21    XL:     10   Next: 32%
Magic:  3/3        EV: 11    Int: 11    God:    Makhleb [*.....]
Gold:   524        SH: 13    Dex: 13    Spells: 0 memorised, 9 levels left

rFire  + . .     SeeInvis +     x - +3 war axe (antimagic)
rCold  . . .     Clarity  .     b - +0 scale mail
rNeg   . . .     SustAt   .     c - +1 shield
rPois  .         Gourm    .     (helmet unavailable)
rElec  .         Spirit   .     (no cloak)
rCorr  .         Warding  .     (no gloves)
rMut   .         Stasis   +     (no boots)
MR     +....                    (no amulet)
Stlth  ..........               C - +3 ring of intelligence
                                k - ring of protection from fire

@: somewhat resistant to hostile enchantments, extremely unstealthy
A: permanent stasis, dig shafts and tunnels, four strong arms, antennae 3
a: Dig, Shaft Self, Renounce Religion


You were on level 9 of the Dungeon.
You worshipped Makhleb.
Makhleb was aware of your devotion.
You were not hungry.

You visited 2 branches of the dungeon, and saw 10 of its levels.

You collected 524 gold pieces.

Inventory:

Hand Weapons
 a - a +0 war axe
 t - a +0 blowgun
 x - a +3 antimagic war axe (weapon)
Missiles
 m - 280 stones (quivered)
 u - 33 poisoned needles
Armour
 b - a +0 scale mail (worn)
 c - a +1 shield (worn)
Jewellery
 k - a ring of protection from fire (left hand)
 p - an uncursed ring of sustain attributes
 C - a +3 ring of intelligence (right hand)
Scrolls
 j - 3 scrolls of fear
 n - a scroll of amnesia
 q - 2 scrolls of remove curse
 s - 2 scrolls of magic mapping
 y - 2 scrolls of enchant weapon
 A - 2 scrolls of fog
 D - 2 scrolls of identify
Potions
 d - a potion of might
 g - 2 potions of curing
 i - a potion of heal wounds
 l - a potion of resistance {unknown}
 o - a potion of brilliance {unknown}
 v - 2 potions of agility
Books
 w - a Fen Folio

   Spells                             Type                      Level
   a - Corpse Rot                     Necromancy                   2
   b - Stone Arrow                    Conjuration/Earth            3
   c - Leda's Liquefaction            Hexes/Earth                  4
   d - Summon Forest                  Summoning/Translocation      5
   e - Hydra Form                     Transmutation                6
   f - Summon Hydra                   Summoning                    7
Comestibles
 e - 4 bread rations
 f - 2 beef jerkies
 r - 2 meat rations
 z - a slice of pizza


   Skills:
 + Level 4.6 Fighting
 + Level 10.6 Axes
 + Level 4.9 Armour
 + Level 2.7 Dodging
 - Level 10.0 Shields


You had 9 spell levels left.
You didn't know any spells.

Dungeon Overview and Level Annotations

Branches:
Dungeon (9/15)             Temple (1/1) D:7
   Lair: D:8-11         Orc: D:9-12

Altars:
Ashenzari
Cheibriados
Dithmenos
Elyvilon
Fedhas
Kikubaaqudgha
Makhleb
Nemelex Xobeh
Qazlal
Ru
Sif Muna
Trog
Vehumet
Xom
Zin
The Shining One

Annotations:
D:5 Blork the orc
D:6 Anothat's ghost, novice FoFi


Innate Abilities, Weirdness & Mutations

You are under a permanent stasis effect.
You can dig through walls and to a lower floor.
Your four strong arms can wield two-handed weapons with a shield.
You have a pair of large antennae on your head (SInv).


Message History

The yak snorts and paws the ground.
Found 5 gold pieces.
You block the yak's attack. x2
You block the yak's attack. The yak gores you!
You slash the yak!
The yak is moderately wounded.
You hit the yak.
The yak is lightly wounded.
You hit the yak but do no damage. You completely miss the yak.
The yak gores you. The yak gores you!
* * * LOW HITPOINT WARNING * * *
You block the yak's attack. You block the yak's attack. The yak gores you!
* * * LOW HITPOINT WARNING * * *
You see here 11 gold pieces.
The electric eel shoots out a bolt of lightning at you!
The bolt of electricity hits you!
You die...

P≈≈≈≈≈≈≈≈≈P≈≈
≈♣PP≈≈≈≈≈≈≈;#############
.≈$.≈≈≈≈♣♣♣..#.......$..#
........................#
..........<.......[.....#
≈P..≈≈..^...............#
≈P≈≈P≈≈##...............#
≈♣≈P≈♣. #....#..........#
♣♣♣♣......###.@Y.Y.....#
.......# #..$.Y.....#
........# #...Y....$.#
.........# ############


You could see 4 yaks and an electric eel.

Vanquished Creatures
  Grinder (D:5)
  Sigmund (D:3)
  2 steam dragons (D:7)
  A hippogriff (D:7)
  Menkaure (D:5)
  An ice beast (D:6)
  2 sky beasts (D:5)
  3 phantoms
  A water moccasin (D:6)
  An eye of draining (D:7)
  An ogre (D:7)
  3 centaurs
  2 gnoll sergeants
  A giant frog (D:8)
  A wyvern zombie (D:7)
  2 scorpions
  5 crimson imps
  3 orc wizards
  3 orc priests
  Ijyb (D:3)
  4 hounds
  2 jellies
  2 quasits (D:7)
  5 worker ants
  6 iguanas
  A hound zombie (D:8)
  A hound skeleton (D:8)
  Robin (D:3)
  8 adders
  16 gnolls
  A shadow imp (D:8)
  2 adder skeletons
  A worm (D:2)
  5 giant geckos
  22 orcs
  7 bats
  21 goblins
  8 hobgoblins
  13 jackals
  9 kobolds
  4 quokkas
  A ball python (D:2)
  7 giant cockroaches
  4 giant newts
  A jackal skeleton (D:8)
  A quokka zombie (D:7)
  4 rats
  2 fungi (D:7)
195 creatures vanquished.

Vanquished Creatures (others)
  An orc (D:5)
1 creature vanquished.

Grand Total: 196 creatures vanquished

Notes
Turn   | Place    | Note
--------------------------------------------------------------
     0 | D:1      | HaroldButt the Formicid Fighter began the quest for the Orb.
     0 | D:1      | Reached XP level 1. HP: 18/18 MP: 1/1
   188 | D:1      | Reached XP level 2. HP: 17/24 MP: 2/2
   593 | D:1      | Reached XP level 3. HP: 24/29 MP: 3/3
  1215 | D:2      | Reached skill level 4 in Axes
  1215 | D:2      | Reached XP level 4. HP: 35/35 MP: 4/4
  1370 | D:2      | Noticed Ijyb
  1409 | D:3      | Found a stormy altar of Qazlal.
  1418 | D:3      | Killed Ijyb
  1427 | D:3      | Reached XP level 5. HP: 11/41 MP: 5/5
  1701 | D:3      | Reached skill level 5 in Axes
  1842 | D:3      | Noticed Robin
  1852 | D:3      | Killed Robin
  2025 | D:3      | Noticed Sigmund
  2105 | D:2      | Reached XP level 6. HP: 21/47 MP: 2/6
  2532 | D:3      | Killed Sigmund
  2532 | D:3      | Reached skill level 6 in Axes
  2815 | D:3      | Reached XP level 7. HP: 48/52 MP: 2/7
  2911 | D:4      | Reached skill level 7 in Axes
  3157 | D:4      | Found a radiant altar of Vehumet.
  3863 | D:5      | Entered Level 5 of the Dungeon
  3865 | D:5      | Noticed Grinder
  3989 | D:5      | Noticed Menkaure
  3995 | D:5      | Killed Menkaure
  4041 | D:5      | Reached skill level 8 in Axes
  4044 | D:5      | Found a shattered altar of Ashenzari.
  4214 | D:5      | Killed Grinder
  4214 | D:5      | Reached skill level 9 in Axes
  4214 | D:5      | Reached XP level 8. HP: 20/58 MP: 2/8
  5073 | D:5      | Noticed Blork the orc
  5277 | D:5      | Found a deep blue altar of Sif Muna.
  5403 | D:5      | Reached skill level 10 in Axes
  5845 | D:5      | Reached XP level 9. HP: 34/64 MP: 3/9
  6261 | D:6      | Reached skill level 1 in Dodging
  6391 | D:6      | Noticed Anothat's ghost (novice FoFi)
  6775 | D:7      | Reached skill level 5 in Shields
  7559 | D:7      | Reached XP level 10. HP: 59/73 MP: 3/10
  7636 | D:7      | Found a bloodstained altar of Trog.
  7699 | D:7      | Found a staircase to the Ecumenical Temple.
  7708 | Temple   | Entered the Ecumenical Temple
  7811 | Temple   | Became a worshipper of Makhleb the Destroyer
  8161 | D:8      | Found a white marble altar of Elyvilon.
  8421 | D:8      | Reached * piety under Makhleb
  8421 | D:8      | Reached skill level 10 in Shields
  8684 | D:8      | Found a glowing silver altar of Zin.
  8917 | D:9      | Killed from afar by an electric eel

Action                   |  1- 3 |  4- 6 |  7- 9 | 10-12 || total
-------------------------+-------+-------+-------+-------++-------
Melee: War axe           |   125 |   133 |   334 |   107 ||   699
 Abil: Dig               |       |       |     2 |     1 ||     3
  Use: Scroll            |       |     9 |     5 |       ||    14
       Potion            |       |       |     1 |       ||     1
  Eat: Chunk             |     1 |     6 |     8 |     5 ||    20
       Fruit             |       |       |     1 |       ||     1
       Bread ration      |       |       |     1 |       ||     1
       Beef jerky        |       |       |     1 |       ||     1
